 Dungeon Crawl Stone Soup version 0.30-a0-341-g682706514a (webtiles) character file.

Game seed: 4612039403965909715

3333 koil the Ruffian (level 9, -6/75 HPs)
             Began as a Pale Draconian Transmuter on Nov 5, 2022.
             Was a Believer of Wu Jian.
             Succumbed to Amaemon's poison
             ... on level 8 of the Dungeon.
             The game lasted 00:31:56 (9361 turns).

koil the Ruffian (Pale Draconian Transmuter)        Turns: 9361, Time: 00:31:57

Health: -6/75      AC:  2    Str: 19    XL:     9   Next: 71%
Magic:  20/25      EV: 24    Int: 13    God:    Wu Jian [**....]
Gold:   538        SH:  0    Dex: 23    Spells: 9/18 levels left

rFire   + . .      SeeInvis .      - Unarmed
rCold   x . .      Faith    .    (shield currently unavailable)
rNeg    . . .      Spirit   .    (body armour unavailable)
rPois   x          Reflect  .    (helmet currently unavailable)
rElec   .          Harm     .    (cloak currently unavailable)
rCorr   .          Rampage  .    (gloves currently unavailable)
Will    .....                    (boots currently unavailable)
Stlth   ++........               (no amulet)
HPRegen 0.32/turn                d - ring "Zios" {MP+9 Str+5 Int-3 Dex+6}
MPRegen 0.19/turn                A - ring of fire

@: lethally poisoned (-6 -> -46), spider-form, wereblooded, studying Long Blades
A: venomous fangs, (breathe steam), AC +7, tiny, unfitting armour,
(cold-blooded), (steam resistance)
a: End Transformation, Renounce Religion, Wall Jump


You were on level 8 of the Dungeon.
You worshipped Wu Jian.
Wu Jian was pleased with you.
You were a venomous arachnid creature.
You visited 2 branches of the dungeon, and saw 9 of its levels.

You collected 538 gold pieces.

Inventory:

Hand Weapons
 p - a +3 short sword
 z - the +9 long sword "Qurghu Lahugh" {flame, rN++ Str-4 Dex+4}
   (You found it on level 5 of the Dungeon)

   It burns those it strikes, dealing additional fire damage.
   Big, fiery blades are also staple armaments of hydra-hunters.
   Str:       It affects your strength (-4).
   Dex:       It affects your dexterity (+4).
   rN:        It greatly protects you from negative energy.
 D - a +2 short sword of venom
Missiles
 v - 2 throwing nets
 y - 8 poisoned darts
Jewellery
 d - the ring "Zios" (left front leg) {MP+9 Str+5 Int-3 Dex+6}
   (You acquired it in the Ecumenical Temple)

   [ring of magical power]

   Str:       It affects your strength (+5).
   Int:       It affects your intelligence (-3).
   Dex:       It affects your dexterity (+6).
   MP:        It affects your magic capacity (+9).
 m - a ring of resist corrosion
 r - a ring of positive energy
 A - a ring of fire (right front leg)
 G - a ring of willpower
Wands
 g - a wand of charming (10)
 s - a wand of iceblast (7)
 t - a wand of mindburst (12)
Scrolls
 c - 5 scrolls of teleportation
 f - 2 scrolls of immolation
 h - a scroll of torment
 j - a scroll of amnesia
 u - 2 scrolls of identify
 x - a scroll of poison
Potions
 a - a potion of lignification
 b - 3 potions of flight
 e - 2 potions of haste
 i - 2 potions of brilliance
 k - 4 potions of resistance
 l - a potion of ambrosia
 n - a potion of mutation
 o - 2 potions of might
 q - a potion of berserk rage
 w - 2 potions of curing


   Skills:
 + Level 5.6 Fighting
 + Level 5.0 Dodging
 + Level 6.1 Unarmed Combat
 + Level 5.2 Spellcasting
 + Level 5.6 Transmutations
 + Level 5.0 Air Magic
 + Level 5.1 Poison Magic


You had 9 spell levels left.
You knew the following spells:

 Your Spells              Type           Power      Damage    Failure   Level
a - Beastly Appendage     Tmut           36%        N/A       8%          1
b - Wereblood             Tmut           18%        N/A       10%         2
c - Spider Form           Tmut/Pois      17%        N/A       17%         3
d - Swiftness             Air            16%        N/A       19%         3

Your spell library contained the following spells:

 Spells                   Type           Power      Damage    Failure   Level
 Shock                    Conj/Air       36%        1d5       19%         1
 Airstrike                Air            8%         2d(2-18)  45%         4
 Call Canine Familiar     Summ           3%         N/A       71%         3
 Portal Projectile        Hex/Tloc       6%         N/A       71%         3
 Ice Form                 Ice/Tmut       10%        N/A       71%         4
 Leda's Liquefaction      Hex/Erth       1%         N/A       96%         4
 Conjure Ball Lightning   Conj/Air       4%         3x3d6     100%        6
 Discord                  Hex            1%         N/A       100%        8
 Disjunction              Tloc           1%         N/A       100%        8


Dungeon Overview and Level Annotations

Branches:
Dungeon (8/15)             Temple (1/1) D:5
   Lair: D:8-11

Altars:
Ashenzari
Dithmenos
Elyvilon
Fedhas
Gozag
Makhleb
Nemelex Xobeh
Ru
Sif Muna
Trog
Uskayaw
Vehumet
Wu Jian
Zin
The Shining One

Annotations:
D:5 Pikel
D:8 Amaemon


Innate Abilities, Weirdness & Mutations

You are a venomous arachnid creature.
You have poisonous fangs.
You are tiny and dextrous.
Your spellcasting is less reliable in this form.
Your armour is entirely melded.
You are incapable of wielding weapons or throwing items.
((You can breathe blasts of scalding, opaque steam.))
((Your pale cyan-grey scales are hard. (AC +7)))
You cannot fit into any form of body armour.
((You are cold-blooded and may be slowed by cold attacks.))
((You are immune to the effects of steam.))


Message History

Level annotation: Amaemon You hear the steady creaking of a portcullis nearby.
There is a stone staircase leading up here.
Casting: Spider Form (dangerous; 6% risk of failure)
Confirm with . or Enter, or press ? or * to list all spells.
You grow a pair of large bovine horns.
Your feet morph into talons.
Casting: Beastly Appendage (safe; 1% risk of failure)
Confirm with . or Enter, or press ? or * to list all spells.
Your blood is infused with primal strength.
Casting: Wereblood (safe; 2% risk of failure)
Confirm with . or Enter, or press ? or * to list all spells.
Your horns disappear.
Your talons disappear.
You turn into a venomous arachnid creature.
You bite Amaemon!
Amaemon looks as sick as possible!
Amaemon is lightly wounded.
Amaemon hits you with a +0 demon whip of venom!
Amaemon claws you. Amaemon tail-slaps you!
You hit Amaemon.
Amaemon is lightly wounded.
Amaemon misses you. Amaemon claws you! Amaemon misses you.
You bite Amaemon!
Amaemon looks as sick as possible!
Amaemon is moderately wounded.
Amaemon hits you with a +0 demon whip of venom!!
* * * LOW HITPOINT WARNING * * *
You are lethally poisoned!
Amaemon barely misses you. Amaemon completely misses you.
You bite Amaemon!
Amaemon looks as sick as possible!
Amaemon is heavily wounded.
* * * LOW HITPOINT WARNING * * *
You feel extremely sick. Amaemon misses you. Amaemon completely misses you.
Amaemon barely misses you.
You barely miss Amaemon.
Amaemon is heavily wounded.
* * * LOW HITPOINT WARNING * * *
You feel extremely sick.
Amaemon hits you with a +0 demon whip of venom.
* * * LOW HITPOINT WARNING * * *
You are more poisoned.
Amaemon completely misses you. Amaemon closely misses you.
You die...

#.. #..## ## #.
#...### ... #.##.....
... .##.......##.#
...#........##.
#...≈......... #
###...≈.s.#
..#.....≈..<##
#...##..≈..6.# #
..........#.......#
#......?(.#.#####.###
......(.#.#..........
......#.#........$...
≈6..≈
......#.#.#......###
≈≈g≈≈.####
#.#s##.....#


You could see Amaemon (extremely poisoned).

Vanquished Creatures
  An orange demon (D:8)
  Menkaure (D:5)
  A water moccasin (D:6)
  An orc warrior (D:7)
  A black bear (D:6)
  A sky beast (D:6)
  2 centaurs
  2 phantoms
  Blork the orc (D:5)
  4 bullfrogs
  2 elf zombies (D:7)
  A scorpion (D:5)
  3 elf skeletons (D:7)
  9 wights
  5 killer bees (D:7)
  4 orc priests
  3 gnoll boudas
  A hound (D:5)
  A jelly (D:5)
  2 human skeletons (D:7)
  4 iguanas
  5 orc wizards
  Robin (D:4)
  12 gnolls
  7 adders
  A white imp (D:5)
  An ufetubus (D:5)
  A worm (D:5)
  A dart slug (D:3)
  28 orcs
  3 ball pythons
  3 endoplasms
  2 giant cockroaches
  14 goblins
  7 hobgoblins
  13 jackals
  4 kobolds
  5 quokkas
  4 bats
  A frilled lizard (D:3)
  3 orc skeletons (D:7)
  An orc zombie (D:7)
  2 rats (D:1)
169 creatures vanquished.

Vanquished Creatures (others)
  A plant (D:5)
1 creature vanquished.

Grand Total: 170 creatures vanquished

Notes
Turn   | Place    | Note
-------+----------+-------------------------------------------
     0 | D:1      | koil the Draconian Transmuter began the quest for the Orb.
     0 | D:1      | Reached XP level 1. HP: 16/16 MP: 3/3
   359 | D:1      | Reached XP level 2. HP: 23/23 MP: 5/5
   362 | D:1      | Learned a level 2 spell: Wereblood
   408 | D:1      | Found a faded altar of an unknown god.
  1012 | D:2      | Identified the +0 ring mail "Kutaoh" {rF+ Will+ Int+3}
  1728 | D:3      | Found a broken altar of Ashenzari.
  1732 | D:3      | Found a shadowy altar of Dithmenos.
  1973 | D:3      | Reached XP level 3. HP: 27/28 MP: 2/6
  2112 | D:3      | Reached skill level 1 in Poison Magic
  2230 | D:3      | Found a blossoming altar of Fedhas.
  2715 | D:3      | Found a sacrificial altar of Ru.
  2749 | D:4      | Reached XP level 4. HP: 34/36 MP: 3/7
  2753 | D:4      | Learned a level 3 spell: Spider Form
  2831 | D:4      | Noticed Robin
  2852 | D:4      | Killed Robin
  2973 | D:4      | Found a hide-covered altar of Uskayaw.
  3333 | D:3      | Reached XP level 5. HP: 18/42 MP: 5/8
  4512 | D:5      | Entered Level 5 of the Dungeon
  4515 | D:5      | Identified the +9 long sword "Qurghu Lahugh" {flame, rN++
                  | Str-4 Dex+4}
  4534 | D:5      | Noticed a centaur
  4544 | D:5      | Killed a centaur
  4545 | D:5      | Reached XP level 6. HP: 26/50 MP: 6/10
  4683 | D:5      | Reached skill level 4 in Unarmed Combat
  5081 | D:5      | Found a glowing silver altar of Zin.
  5154 | D:5      | Your scales start taking on a pale cyan-grey colour.
  5154 | D:5      | Reached XP level 7. HP: 43/57 MP: 8/11
  5154 | D:5      | Gained mutation: You are immune to the effects of steam.
                  | [Pale Draconian growth]
  5235 | D:5      | Found a staircase to the Ecumenical Temple.
  5295 | D:5      | Noticed Pikel
  5295 | D:5      | Noticed Blork the orc
  5643 | D:5      | Killed Blork the orc
  5776 | D:5      | Found a glowing golden altar of the Shining One.
  5796 | D:5      | Noticed Menkaure
  5805 | D:5      | Killed Menkaure
  5881 | D:5      | Learned a level 3 spell: Swiftness
  5888 | Temple   | Entered the Ecumenical Temple
  6015 | Temple   | Became a worshipper of the Wu Jian Council
  6043 | Temple   | Identified a scroll of acquirement
  6043 | Temple   | Acquired the ring "Zios" {MP+9 Str+5 Int-3 Dex+6}
  6180 | D:6      | Reached skill level 1 in Air Magic
  6180 | D:6      | Reached XP level 8. HP: 49/66 MP: 13/13
  6304 | D:6      | Reached skill level 5 in Unarmed Combat
  7610 | D:7      | Found an opulent altar of Gozag.
  7689 | D:7      | Reached XP level 9. HP: 40/71 MP: 15/15
  7699 | D:7      | HP: 3/67 [wight/+4 halberd of freezing (1)]
  7958 | D:7      | Reached * piety under Wu Jian
  8064 | D:7      | Reached skill level 5 in Transmutations
  8104 | D:7      | Reached skill level 5 in Fighting
  8649 | D:7      | Reached skill level 5 in Spellcasting
  8845 | D:7      | Reached ** piety under Wu Jian
  9060 | D:8      | Found a shimmering blue altar of Sif Muna.
  9088 | D:8      | Noticed an orange demon
  9090 | D:8      | Noticed Amaemon
  9109 | D:8      | Reached skill level 5 in Poison Magic
  9137 | D:8      | Reached skill level 6 in Unarmed Combat
  9152 | D:8      | Killed an orange demon
  9153 | D:8      | Reached skill level 5 in Dodging
  9153 | D:8      | Reached skill level 5 in Air Magic
  9360 | D:8      | HP: 3/75 [Amaemon/+0 demon whip of venom (5)]
  9361 | D:8      | Succumbed to Amaemon's poison

Illustrated notes

Levels and vault maps discovered:
D:1:      wander_arrival_fairy_ring, layout_loops_ring,
          shapermc_ecumenical_altar_mp_highgroup, hex_large
D:2:      layout_basic, minivault_14, dreamdust_wishing_well
D:3:      layout_basic, ashenzari_altar_1, mainiacjoe_overflow_surrounded_room,
          marbit_many_paths, mainiacjoe_overflow_brackets,
          serial_co_window_serial, co_window_paths_a, co_window_corner_a,
          co_window_of_opportunity_a, co_window_corner_a, co_window_corner_a,
          co_window_corner_a, co_window_paths_a, co_window_broadway_b,
          co_window_2corner, co_window_2corner, co_window_corner_b,
          co_window_corner_b, co_window_of_opportunity_b, glass_columns_a,
          glass_columns_a, glass_columns_b
D:4:      layout_cave_pools, nicolae_uskayaw_dance_hall,
          serial_co_window_serial, co_window_of_opportunity_a,
          co_window_of_opportunity_a, co_window_corner_a, co_window_paths_a,
          co_window_corner_a, co_window_broadway_b, co_window_unsneaky_path_a,
          co_window_cross_2, co_window_unsneaky_path_a, co_window_paths_c,
          co_window_paths_d, co_window_sun, glass_columns_c, glass_columns_b,
          glass_columns_c, uniq_robin
D:5:      layout_rooms, zin_treasury, tso_oasis_becter,
          minmay_temple_entry_large_hall, serial_glass, glass_columns_a,
          glass_columns_c, hangedman_decor_slide_cut, minmay_misc_feat_hallway,
          uniq_pikel, uniq_blork_the_orc, uniq_menkaure
D:6:      layout_loops_corners
D:7:      layout_rooms, old_standard_altar, nicolae_ossuary_entry_catacombs,
          minmay_manual_monstrance
D:8:      layout_rooms, lemuel_doored_altar, mainiacjoe_overflow_boulevard,
          lair_entry_dummy, enter_bailey_5, uniq_amaemon
Temple:   nicolae_temple_two_arcs

Skill      XL: |  1  2  3  4  5  6  7  8  9 |
---------------+----------------------------+-----
Dodging        | 2 3 4 5 |  5.0
Poison Magic   | 1 2 3 4 5 |  5.1
Fighting       | 2 3 4 5 |  5.6
Transmutations | 3 4 5 |  5.6
Spellcasting   | 3 4 5 |  5.2
Unarmed Combat | 4 5 6 |  6.1
Air Magic      | 1 3 5 |  5.0

Action                   |  1- 3 |  4- 6 |  7- 9 || total
-------------------------+-------+-------+-------++-------
Melee: Unarmed           |   106 |   174 |   384 ||   664
       Tailslap          |     9 |    14 |    60 ||    83
       Punch             |     4 |     4 |    17 ||    25
       Headbutt          |     7 |    30 |    54 ||    91
       Kick              |     8 |    40 |    84 ||   132
 Cast: Beastly Appendage |     7 |    20 |    33 ||    60
       Wereblood         |     6 |    15 |    30 ||    51
       Spider Form       |       |     1 |     4 ||     5
Invok: Lunge             |       |       |    13 ||    13
  Use: Potion            |       |     2 |     4 ||     6
       Scroll            |       |       |    19 ||    19
 Stab: Sleeping          |       |       |     2 ||     2
Armor: Skin              |    44 |    61 |    87 ||   192
Dodge: Dodged            |    84 |   132 |   273 ||   489

Table legend: (Time is in decaauts)
 A = Elapsed time spent in this place.
 B = Non-inter-level travel time spent in this place.
 C = Inter-level travel time spent in this place.
 D = Time resting spent in this place.
 E = Time spent auto-exploring this place.
 F = Levels seen in this place.
 G = Mean time per level.
                   A        B        C        D        E       F      G
               +--------+--------+--------+--------+--------+-----+--------+
         Total |   9306 |   8858 |    448 |   1634 |   5576 |   9 | 1034.0 |
       Dungeon |   9097 |   8665 |    432 |   1613 |   5470 |   8 | 1137.1 |
        Temple |    209 |    193 |     16 |     21 |    106 |   1 |  209.0 |
               +--------+--------+--------+--------+--------+-----+--------+

Top non-repeatable levels by time:
     D:4: 1711 daAuts
     D:6: 1558 daAuts
     D:7: 1449 daAuts
     D:3: 1443 daAuts
     D:5: 1056 daAuts
     D:2: 1038 daAuts
     D:1: 675 daAuts
  Temple: 209 daAuts
     D:8: 164 daAuts
